Unix NetHack Version 5.0.0-0 post-release - last build Jun 10 2026 00:39:30 (3ee93aec679c4c4259841fe613dc97188e26a321,branch:main).

Game began 2026-06-14 13:50:57, ended 2026-06-14 14:14:59.

6tay9, neutral female human Wizard

                                      -..------------
                                     ).)...........<.
                                     -%%.-----------.
                                     ......|
                                       ....--
                                         .....
                                          .....
                                           .....
                                            .....
                                    -----------..-
                                   --....%......).
                                   %.)%...........
                                 ---'@-
                             ----|.....
                             |..--.|.
                             |.....|
                             -------

6tay9 the Conjurer        St:12 Dx:10 Co:17 In:18 Wi:9 Ch:11  Neutral
Dlvl:4  $:85 HP:0(43) Pw:4(44) AC:9  Xp:5 T:3276 

Latest messages:
 You hit the dwarf!
 You kill the dwarf!
 It is missed.
 A dart misses you.
 In what direction?
 The spell hits it!
 You kill it!
 The spell hits it!
 You kill it!
 You hear a nearby zap.
 The newt bites!
 The gray stone hits the newt!
 The newt is killed!
 The hobbit swings his sling.
 The hobbit hits!
 In what direction?
 The spell hits the hobbit.
 The hobbit swings his sling.
 The hobbit hits!
 In what direction?
 The spell hits the hobbit!
 You kill the hobbit!
 Pick a monster, object or location.
 The gnome picks up a sling.
 In what direction?
 The spell hits the gnome!
 You kill the gnome!
 In what direction?
 The spell hits the gnome!
 You kill the gnome!
 The spell hits it!
 You kill it!
 It hits!
 M - a food ration.
 You hit it.
 The straw golem hits!
 The straw golem hits again!
 You miss it.
 The straw golem hits!
 The straw golem hits again!
 It hits!
 You hit it.
 The straw golem hits!
 The straw golem hits again!
 You kill it!
 The straw golem hits!
 The straw golem hits again!
 The straw golem hits!
 You die...
 Do you want your possessions identified? [ynq] (y)

Inventory:
 Coins    ('$')
  $ - 85 gold pieces
 Weapons  (')')
  I - a +0 dagger
  r - a +0 orcish dagger
  a - a blessed +1 quarterstaff (weapon in hands)
 Armor    ('[')
  b - an uncursed +0 cloak of magic resistance (being worn)
  L - an uncursed +0 dwarvish cloak
  J - a cursed +0 dwarvish cloak
 Comestibles  ('%')
  C - an uncursed partly eaten banana
  H - a cursed banana
  M - an uncursed food ration
  B - an uncursed tin of spinach
 Scrolls  ('?')
  D - an uncursed scroll of blank paper
  j - an uncursed scroll of destroy armor
  v - an uncursed scroll of enchant weapon
  k - 2 uncursed scrolls of identify
  i - an uncursed scroll of light
  u - an uncursed scroll of teleportation
  K - a cursed scroll of teleportation
 Spellbooks  ('+')
  l - a blessed spellbook of force bolt
  m - an uncursed spellbook of sleep
 Potions  ('!')
  z - 2 uncursed potions of booze
  f - a blessed potion of confusion
  w - an uncursed potion of levitation
  q - a blessed potion of monster detection
  h - an uncursed potion of paralysis (at the ready)
  g - an uncursed potion of see invisible
 Rings    ('=')
  e - an uncursed ring of conflict
  x - an uncursed ring of conflict
  d - an uncursed ring of fire resistance
  E - a cursed ring of hunger
 Wands    ('/')
  y - a wand of make invisible (0:7)
  c - a wand of stasis (0:5)
 Tools    ('(')
  n - a magic marker (0:20)
  A - an uncursed pair of lenses
  G - a tinning kit (0:47)

6tay9 the Wizard's attributes:

Background:
 You were a Conjurer, a level 5 female human Wizard.
 You were neutral, on a mission for Thoth
 who was opposed by Ptah (lawful) and Anhur (chaotic).
 You were left-handed.
 You were in the Gnomish Mines, on level 4.
 You entered the dungeon 3276 turns ago.
 There was a new moon in effect when your adventure ended.
 You had 308 experience points, 12 more were needed to attain level 6.

Basics:
 You had 0 out of 43 hit points.
 You had 4 out of 44 energy points (spell power).
 Your armor class was 9.
 Your wallet contained 85 zorkmids.
 Autopickup was off.

Final Characteristics:
 Your strength was 12 (limit:18/100).
 Your dexterity was 10 (limit:18).
 Your constitution was 17 (limit:18).
 Your intelligence was 18 (limit:18).
 Your wisdom was 9 (limit:18).
 Your charisma was 11 (limit:18).

Final Status:
 You weren't hungry.
 You were unencumbered.
 You were wielding a quarterstaff.
 You had basic skill with quarterstaff.

Final Attributes:
 You were piously aligned.
 You were magic-protected.
 You were warded.
 You are dead.

Miscellaneous:
 You didn't encounter any bones levels.
 Total elapsed playing time was 24 minutes and 1 second.

Major events:
 Turn
    1: 6tay9 the neutral female human Wizard entered the dungeon
  247: entered the Gnomish Mines
 1345: attained the rank of Conjurer (level 3)
 3276: killed by a straw golem

Spells:
 Name                 Level Category     Fail Retention
 force bolt             1   attack         0%   81%-90%
 sleep                  3   enchantment    0%   81%-90%

Skills:
 Fighting Skills
   bare handed combat [Unskilled]
   riding             [Unskilled]
 Weapon Skills
   dagger             [Unskilled]
   knife              [Unskilled]
   axe                [Unskilled]
   short sword        [Unskilled]
   club               [Unskilled]
   mace               [Unskilled]
   quarterstaff       [Basic]
   polearms           [Unskilled]
   spear              [Unskilled]
   trident            [Unskilled]
   sling              [Unskilled]
   dart               [Unskilled]
   shuriken           [Unskilled]
 Spellcasting Skills
   attack spells      [Basic]
   healing spells     [Unskilled]
   divination spells  [Unskilled]
   enchantment spells [Basic]
   clerical spells    [Unskilled]
   escape spells      [Unskilled]
   matter spells      [Unskilled]

Voluntary challenges:
 Character rerolling was not enabled.
 You never genocided any monsters.
 You never polymorphed an object.
 You never changed form.
 You used no wishes.
Achievements:
 You entered the Gnomish Mines.
 You entered a shop.
 You attained the rank of Conjurer.

 The Dungeons of Doom: levels 1 to 7
    Level 1:
       A fountain.
    Level 2:
       A general store, some fountains.
       Stairs down to The Gnomish Mines.
    Level 3:
       A fountain.
    Level 4:
       A fountain, a sink.
    Level 5:
       A fountain, a grave.
    Level 6:
       An altar to Thoth, some fountains.
    Level 7:
 The Gnomish Mines: levels 3 to 4
    Level 3:
    Level 4: <- You were here.
       Final resting place for
          you, killed by a straw golem.


Vanquished creatures:
  a human zombie
 an orc shaman
  a yellow light
  3 gnome leaders
  a red naga hatchling
  a little dog
  a floating eye
  4 dwarves
  a kobold leader
  a rabid rat
  2 giant bats
 an orc zombie
  a dwarf zombie
  a werejackal
  3 iguanas
 an acid blob
  3 hobbits
  2 hobgoblins
  2 giant rats
  2 cave spiders
  2 yellow molds
  a red mold
 12 gnomes
  a gecko
 13 jackals
  a fox
  a goblin
  2 grid bugs
  a bat
  2 lichens
  a kobold zombie
  7 newts
77 creatures vanquished.

No species were genocided or became extinct.

Game over:
                       ----------
                      /          \
                     /    REST    \
                    /      IN      \
                   /     PEACE      \
                  /                  \
                  |      6tay9       |
                  |      85 Au       |
                  |   killed by a    |
                  |   straw golem    |
                  |                  |
                  |                  |
                  |       2026       |
                 *|     *  *  *      | *
        _________)/\\_//(\/(/\)/\//\/|_)_______

Goodbye 6tay9 the Wizard...

You died in The Gnomish Mines on dungeon level 4 with 1609 points,
and 85 pieces of gold, after 3276 moves.
You were level 5 with a maximum of 43 hit points when you died.

